 Dungeon Crawl Stone Soup version 0.29-a0-598-gd8304a5bf4 (webtiles) character file.

Game seed: 4427668347278320928

7288 wingedge the Fighter (level 10, -6/91 HPs)
             Began as a Minotaur Fighter on June 15, 2022.
             Was a Believer of Okawaru.
             Mangled by a slime creature (18 damage)
             ... on level 9 of the Dungeon on June 16, 2022.
             The game lasted 00:23:01 (11105 turns).

wingedge the Fighter (Minotaur Fighter)            Turns: 11105, Time: 00:23:01

Health: -6/91      AC:  8    Str: 25    XL:     10   Next: 89%
Magic:  11/11      EV: 17    Int:  5    God:    Okawaru [**....]
Gold:   347        SH:  5    Dex: 10    Spells: 9/9 levels left

rFire   . . .      SeeInvis .   a - +0 war axe
rCold   . . .      Faith    .   c - +0 buckler
rNeg    . . .      Spirit   .   I - +0 acid dragon scales
rPois   .          Reflect  .   (helmet restricted)
rElec   .          Harm     .   e - scarf {+Inv}
rCorr   +          Rampage  .   (no gloves)
Will    .....                   (no boots)
Stlth   +.........              k - amulet of magic regeneration
HPRegen 0.25/turn               y - +4 ring of evasion
MPRegen 0.52/turn               (no ring)

@: no status effects
A: horns 2, retaliatory headbutt
a: Renounce Religion, Evoke Invisibility, Heroism


You were on level 9 of the Dungeon.
You worshipped Okawaru.
Okawaru was pleased with you.
You visited 2 branches of the dungeon, and saw 10 of its levels.

You collected 429 gold pieces.
You spent 82 gold pieces at shops.

Inventory:

Hand Weapons
 a - a +0 war axe (weapon)
 b - a +0 shortbow
 g - a +0 hunting sling
Armour
 c - a +0 buckler (worn)
 e - a scarf of invisibility (worn)
 r - a +2 robe of resistance
 v - a +0 ring mail of cold resistance
 B - a +0 scale mail
 I - +0 acid dragon scales (worn)
Magical Staves
 j - a staff of fire
 n - a staff of cold
Jewellery
 k - an amulet of magic regeneration (around neck)
 y - a +4 ring of evasion (left hand)
 J - a ring of magical power
Wands
 q - a wand of iceblast (2)
 H - a wand of polymorph (1)
Scrolls
 d - a scroll of enchant weapon {unknown}
 l - 5 scrolls of magic mapping
 m - 5 scrolls of immolation
 p - a scroll of fear
 u - a scroll of brand weapon {unknown}
 w - 3 scrolls of teleportation
 z - a scroll of enchant armour {unknown}
 C - a scroll of summoning {unknown}
 E - 3 scrolls of amnesia {unknown}
 F - 3 scrolls of vulnerability {unknown}
Potions
 f - a potion of heal wounds
 h - a potion of brilliance
 i - a potion of attraction {unknown}
 o - a potion of flight {unknown}
 s - a potion of magic
 x - a potion of haste {unknown}
 A - a potion of invisibility
 D - 2 potions of mutation {unknown}
 G - a potion of curing
 K - a potion of ambrosia {unknown}


   Skills:
 + Level 9.1 Fighting
 + Level 8.5 Axes
 + Level 4.7 Bows
 + Level 8.9 Armour
 - Level 7.1 Dodging
 + Level 6.2 Shields
 * Level 3.6 Invocations
 + Level 6.1 Evocations


You had 9 spell levels left.
You didn't know any spells.
Your spell library contained the following spells:

 Spells                   Type           Power      Damage    Failure   Level
 Necrotize                Necr           0%         1d4       63%         1
 Conjure Flame            Conj/Fire      0%         6-21      94%         3
 Dazzling Flash           Conj/Hex       0%         N/A       94%         3
 Ignite Poison            Fire/Tmut/Pois 0%         N/A       94%         3
 Ozocubu's Armour         Ice            0%         N/A       94%         3
 Stone Arrow              Conj/Erth      0%         3d7       94%         3
 Vampiric Draining        Necr           0%         2d6       94%         3
 Iskenderun's Mystic Bla  Conj/Tloc      0%         2d3       100%        4
 Sticky Flame             Conj/Fire      0%         2d3       100%        4
 Agony                    Necr           0%         N/A       100%        5
 Metabolic Englaciation   Hex/Ice        0%         N/A       100%        5
 Starburst                Conj/Fire      0%         6d3       100%        6
 Lehudib's Crystal Spear  Conj/Erth      0%         10d2      100%        8
 Animate Armour           Summ/Erth      Unusable   N/A       N/A         4
 Simulacrum               Ice/Necr       Unusable   N/A       N/A         6

Dungeon Overview and Level Annotations

Branches:
Dungeon (9/15)             Temple (1/1) D:7            Lair (0/6) D:9
    Orc: D:9-12

Altars:
Ashenzari
Cheibriados
Dithmenos
Elyvilon
Fedhas
Gozag
Hepliaklqana
Kikubaaqudgha
Makhleb
Nemelex Xobeh
Okawaru
Qazlal
Trog
Uskayaw
Vehumet
Wu Jian
Xom
Yredelemnul
Zin

Shops:
D:5 *

Annotations:
D:8 1 runed translucent door, DocClef's ghost, novice DrDe


Innate Abilities, Weirdness & Mutations

You have a pair of horns on your head.
You reflexively headbutt those who attack you in melee.


Message History

You furiously retaliate!
You headbutt the orc wizard. You slash the orc wizard!
You kill the orc wizard!
Okawaru accepts your kill.
Things that are here:
a +0 dagger; a +0 robe; an orc corpse
As you read the scroll of identify, it crumbles to dust.
l - 5 scrolls of magic mapping The centaur warrior wields a +0 longbow.
The centaur warrior shoots an arrow.
The arrow hits you!!
Aiming: Polymorph
Press: ? - help, Shift-Dir - straight line, f - centaur warrior
Aim: a centaur warrior, wielding a +0 longbow and wearing a +1 robe of fire resistance (will become a slime creature, a steelbarb worm, or a torpor snail, chance to affect: 47%)
Okay, then.
The centaur warrior shoots an arrow.
The arrow hits you!!
The centaur warrior shoots an arrow.
The arrow hits you!!
Aiming: Polymorph
Press: ? - help, Shift-Dir - straight line, f - centaur warrior
Aim: a centaur warrior, wielding a +0 longbow and wearing a +1 robe of fire resistance (will become a slime creature, a steelbarb worm, or a torpor snail, chance to affect: 47%)
The centaur warrior evaporates and reforms as a slime creature!
You hit the slime creature but do no damage.
You headbutt the slime creature!
The slime creature is moderately wounded.
The slime creature hits you.
You slash the slime creature!
Your headbutt misses the slime creature.
The slime creature is moderately wounded.
You block the slime creature's attack.
You hit the slime creature.
The slime creature is moderately wounded.
The slime creature barely misses you.
You hit the slime creature but do no damage.
Your headbutt misses the slime creature.
The slime creature is moderately wounded.
The slime creature hits you!!
* * * LOW HITPOINT WARNING * * *
You slash the slime creature!
The slime creature is heavily wounded.
The slime creature hits you!!
You die...

#.......#
####.#####.#
#......###.####
#.##.#........#
#.##.#..##.##.######
#.......##.#.#.....#
#.##........###.##.#
#.####.###.## ##.#
#...)..# ##.# #@##
#.###### #.#.J# ##.#
..).. ...# ####.##
#### ... # #.# #
#....# ## ###..
.####... #..


You could see a slime creature.

Vanquished Creatures
  A two-headed ogre (D:7)
  Pikel (D:5)
  Maggie (D:9)
  A komodo dragon (D:9)
  A shadow (D:7)
  A wyvern (D:9)
  Sigmund (D:3)
  10 yaks
  A fire bat (D:9)
  A steam dragon (D:6)
  Menkaure (D:6)
  Eustachio (D:5)
  A water moccasin (D:7)
  Duvessa (D:5)
  3 sky beasts
  An orc warrior (D:6)
  4 ice beasts
  A black bear (D:4)
  An ogre (D:6)
  2 centaurs
  2 lemures
  2 kobold brigands
  2 phantoms (D:5)
  3 bullfrogs
  4 scorpions
  A gnoll sergeant (D:8)
  4 wights (D:6)
  8 killer bees
  Dowan (D:5)
  A gnoll shaman (D:7)
  2 orc priests
  2 jellies
  5 iguanas
  6 orc wizards
  7 gnolls
  5 adders
  3 shadow imps
  2 worms
  4 dart slugs
  12 orcs
  6 endoplasms
  3 giant cockroaches (D:1)
  9 goblins
  2 hobgoblins
  11 jackals
  12 kobolds
  6 quokkas
  2 ball pythons
  7 bats
  A frilled lizard (D:1)
  4 rats
174 creatures vanquished.

Vanquished Creatures (others)
  40 plants (D:9)
40 creatures vanquished.

Grand Total: 214 creatures vanquished

Notes
Turn   | Place    | Note
-------+----------+-------------------------------------------
     0 | D:1      | wingedge the Minotaur Fighter began the quest for the Orb.
     0 | D:1      | Reached XP level 1. HP: 19/19 MP: 0/0
   310 | D:1      | Reached XP level 2. HP: 25/27 MP: 1/1
   643 | D:1      | Reached skill level 1 in Dodging
   819 | D:1      | Reached skill level 4 in Fighting
  1078 | D:1      | Reached XP level 3. HP: 33/33 MP: 2/2
  1183 | D:2      | Reached skill level 1 in Evocations
  1937 | D:3      | Reached XP level 4. HP: 40/40 MP: 3/3
  2083 | D:3      | Found a faded altar of an unknown god.
  2544 | D:3      | Noticed Sigmund
  2562 | D:3      | Killed Sigmund
  2563 | D:3      | Reached XP level 5. HP: 40/47 MP: 4/4
  2845 | D:4      | Found a radiant altar of Vehumet.
  3039 | D:4      | Reached XP level 6. HP: 55/55 MP: 5/5
  3161 | D:4      | Reached skill level 5 in Fighting
  3444 | D:5      | Entered Level 5 of the Dungeon
  3454 | D:5      | Noticed Pikel
  3618 | D:5      | Killed Pikel
  3619 | D:5      | Reached skill level 5 in Axes
  3619 | D:5      | Reached skill level 5 in Armour
  3619 | D:5      | Reached skill level 5 in Shields
  3619 | D:5      | Reached XP level 7. HP: 29/62 MP: 6/6
  3829 | D:5      | Noticed Duvessa
  3844 | D:5      | Killed Duvessa
  3845 | D:5      | Reached skill level 6 in Fighting
  3845 | D:5      | Reached XP level 8. HP: 66/70 MP: 7/7
  3847 | D:5      | Noticed Dowan
  3856 | D:5      | Killed Dowan
  4072 | D:5      | Noticed Eustachio
  4099 | D:5      | Killed Eustachio
  4406 | D:5      | Found Loifoj's Assorted Antiques.
  4413 | D:5      | Bought a glowing grey potion for 19 gold pieces
  4413 | D:5      | Bought a scroll labelled FOSATOASAH for 22 gold pieces
  4413 | D:5      | Bought a scroll labelled FOSATOASAH for 22 gold pieces
  4413 | D:5      | Bought a fuming coppery potion for 19 gold pieces
  5147 | D:6      | Reached skill level 5 in Dodging
  5307 | D:6      | Reached skill level 7 in Fighting
  5366 | D:6      | Reached XP level 9. HP: 76/79 MP: 8/8
  5535 | D:6      | Noticed Menkaure
  5542 | D:6      | Killed Menkaure
  6622 | D:7      | Reached skill level 5 in Evocations
  6627 | D:7      | Reached skill level 1 in Bows
  6977 | D:7      | Found a staircase to the Ecumenical Temple.
  6983 | D:7      | Reached skill level 8 in Fighting
  6988 | Temple   | Entered the Ecumenical Temple
  7079 | Temple   | Became a worshipper of Warmaster Okawaru
  7602 | D:7      | Noticed a two-headed ogre
  7608 | D:7      | Killed a two-headed ogre
  7609 | D:7      | Reached XP level 10. HP: 88/88 MP: 9/9
  7651 | D:7      | Found a shadowy altar of Dithmenos.
  7904 | D:7      | Found an opulent altar of Gozag.
  8126 | D:8      | Found a runed translucent door.
  8131 | D:8      | Noticed DocClef's ghost (novice DrDe)
  8184 | D:8      | Reached * piety under Okawaru
  8577 | D:8      | Reached skill level 1 in Invocations
  9398 | D:9      | Found a shimmering altar of Xom.
  9562 | D:9      | Found a staircase to the Lair.
  9569 | D:9      | Noticed a centaur warrior
  9569 | D:9      | Paralysed by a hornet for 3 turns
  9922 | D:9      | Reached ** piety under Okawaru
 10243 | D:9      | Noticed Maggie
 10255 | D:9      | Killed Maggie
 10256 | D:9      | Reached skill level 9 in Fighting
 11100 | D:9      | a centaur warrior changed into a slime creature
 11105 | D:9      | Mangled by a slime creature

Illustrated notes

Levels and vault maps discovered:
D:1:      elethiomel_arrival_maze, layout_loops_ring
D:2:      layout_loops_ring
D:3:      layout_loops_corners, hellmonk_ecumenical_altar_leap_of_faith,
          uniq_sigmund
D:4:      layout_basic, fiery_altar_vehumet
D:5:      layout_basic, serial_shops, shop_fountains, uniq_eustachio,
          uniq_pikel, uniq_duvessa
D:6:      layout_basic, hex_intersection, uniq_menkaure
D:7:      layout_gridville, old_standard_altar, kennysheep_mini,
          minmay_temple_entry_sparse_star, enter_bailey_2
D:8:      layout_basic, ebering_ghost_reflecting_pool, nicolae_underground_beach
D:9:      layout_loops_cross, mainiacjoe_overflow_paths, david_lair_shrubbed,
          uniq_maggie
Temple:   regret_index_temple_waves

Skill      XL: |  1  2  3  4  5  6  7  8  9 10 |
---------------+-------------------------------+-----
Dodging        | 1 2 3 5 6 7 |  7.1
Fighting       | 4 5 6 7 8 9 |  9.1
Armour         | 4 5 6 8 |  8.9
Axes           | 3 5 6 7 8 |  8.5
Evocations     | 1 2 3 4 5 6 |  6.1
Shields        | 4 5 6 |  6.2
Bows           | 3 4 |  4.7
Invocations    | 3 |  3.6

Action                   |  1- 3 |  4- 6 |  7- 9 | 10-12 || total
-------------------------+-------+-------+-------+-------++-------
Melee: War axe           |    75 |    79 |   223 |   147 ||   524
       Headbutt          |    10 |     9 |    32 |    32 ||    83
       Unarmed           |       |       |       |     1 ||     1
Invok: Heroism           |       |       |       |     1 ||     1
Evoke: Wand              |       |     1 |    19 |     8 ||    28
  Use: Potion            |       |     2 |     5 |     2 ||     9
       Scroll            |       |       |     5 |     5 ||    10
 Stab: Sleeping          |       |     1 |       |       ||     1
Armor: Scale mail        |    29 |    18 |       |       ||    47
       Robe              |       |     8 |       |       ||     8
       Ring mail         |       |     9 |    54 |    17 ||    80
       Acid dragon scale |       |       |       |     8 ||     8
Dodge: Dodged            |    38 |    47 |   173 |    90 ||   348
Block: Buckler           |     7 |    17 |    64 |    32 ||   120

Table legend: (Time is in decaauts)
 A = Elapsed time spent in this place.
 B = Non-inter-level travel time spent in this place.
 C = Inter-level travel time spent in this place.
 D = Time resting spent in this place.
 E = Time spent auto-exploring this place.
 F = Levels seen in this place.
 G = Mean time per level.
                   A        B        C        D        E       F      G
               +--------+--------+--------+--------+--------+-----+--------+
         Total |  11255 |  11057 |    198 |   3551 |   5779 |  10 | 1125.5 |
       Dungeon |  11129 |  10963 |    166 |   3551 |   5779 |   9 | 1236.6 |
        Temple |    125 |     93 |     32 |      0 |      0 |   1 |  125.0 |
               +--------+--------+--------+--------+--------+-----+--------+

Top non-repeatable levels by time:
     D:8: 1535 daAuts
     D:6: 1511 daAuts
     D:9: 1484 daAuts
     D:5: 1400 daAuts
     D:7: 1382 daAuts
     D:1: 1143 daAuts
     D:3: 1034 daAuts
     D:4: 995 daAuts
     D:2: 642 daAuts
  Temple: 125 daAuts
